 Dungeon Crawl Stone Soup version 0.28-a0-1510-gd0f6b136d3 (webtiles) character file.

Game seed: 8327772610195534597

3199 tatocazan the Basher (level 9, 0/57 HPs)
             Began as a Gargoyle Fighter on Jan 14, 2022.
             Slain by a two-headed ogre (16 damage)
             ... on level 8 of the Dungeon.
             The game lasted 00:09:22 (10189 turns).

tatocazan the Basher (Gargoyle Fighter)            Turns: 10189, Time: 00:09:22

Health: 0/57       AC: 19    Str: 31    XL:     9   Next: 96%
Magic:  9/9        EV:  6    Int:  8    God:
Gold:   427        SH: 15    Dex:  9    Spells: 8/8 levels left

rFire   . . .      SeeInvis .   d - +1 whip (venom)
rCold   + . .      Faith    .   g - +1 kite shield
rNeg    + . .      Spirit   .   t - +0 plate armour
rPois   ∞          Reflect  +   (no helmet)
rElec   +          Harm     .   (no cloak)
rCorr   .          Rampage  .   (no gloves)
Will    .....                   (no boots)
Stlth   ..........              k - amulet of reflection
HPRegen 0.19/turn               p - ring of Wassos {rC+ Str+6}
MPRegen 0.11/turn               (no ring)

@: no status effects
A: sickness immunity, AC +6, negative energy resistance 1, electricity
resistance, torment resistance 1, petrification resistance
a: no special abilities


You were on level 8 of the Dungeon.
You visited 2 branches of the dungeon, and saw 9 of its levels.

You collected 427 gold pieces.

Inventory:

Hand Weapons
 a - a +0 flail
 d - a +1 whip of venom (weapon)
Armour
 g - a +1 kite shield (worn)
 t - a +0 plate armour (worn)
Jewellery
 b - an amulet of faith
 k - an amulet of reflection (around neck)
 p - the ring of Wassos (left hand) {rC+ Str+6}
   (You acquired it on level 8 of the Dungeon)

   [ring of protection from cold]

   Str:       It affects your strength (+6).
   rC:        It protects you from cold.
Scrolls
 h - 2 scrolls of fog
 i - 2 scrolls of blinking
 j - 2 scrolls of teleportation
 v - a scroll of enchant weapon
Potions
 c - 2 potions of mutation
 e - a potion of lignification {unknown}
 f - a potion of heal wounds {unknown}
 l - 5 potions of curing
 m - a potion of flight {unknown}
 n - a potion of cancellation {unknown}
 o - 2 potions of brilliance
 r - 2 potions of magic {unknown}
 s - a potion of attraction {unknown}
 w - a potion of degeneration {unknown}


   Skills:
 + Level 7.5 Fighting
 * Level 8.8 Maces & Flails
 + Level 7.4 Armour
 + Level 7.5 Shields


You had 8 spell levels left.
You didn't know any spells.
Your spell library contained the following spells:

 Spells                   Type           Power      Damage    Failure   Level
 Pain                     Necr           0%         1d4       100%        1
 Ensorcelled Hibernation  Hex/Ice        0%         N/A       100%        2
 Call Canine Familiar     Summ           0%         N/A       100%        3
 Portal Projectile        Hex/Tloc       0%         N/A       100%        3
 Spider Form              Tmut/Pois      0%         N/A       100%        3
 Anguish                  Hex/Necr       0%         N/A       100%        4
 Leda's Liquefaction      Hex/Erth       0%         N/A       100%        4
 Agony                    Necr           0%         N/A       100%        5
 Excruciating Wounds      Necr           0%         N/A       100%        5


Dungeon Overview and Level Annotations

Branches:
Dungeon (8/15)             Temple (1/1) D:7
   Lair: D:8-11

Altars:
Ashenzari
Elyvilon
Fedhas
Gozag
Hepliaklqana
Kikubaaqudgha
Makhleb
Nemelex Xobeh
Qazlal
Ru
Sif Muna
Trog
Uskayaw
Vehumet
Wu Jian
Xom
Zin
The Shining One

Shops:
D:5 *

Annotations:
D:3 2 transporters, croobank's ghost, amateur DrTm


Innate Abilities, Weirdness & Mutations

You are immune to sickness and miasma.
Your stone body is resilient. (AC +6)
You are immune to poison.
You resist negative energy. (rN+)
You are resistant to electric shocks. (rElec)
You are resistant to unholy torment.
You are immune to petrification.


Message History

No target in view!
No target in view!
No target in view!
No target in view!
No target in view!
Things that are here:
a +0 trident; an orc corpse
Found a stone staircase leading up.
You now have 427 gold pieces (gained 7).
Key pressed, stopping explore.
A two-headed ogre comes into view.
It is wielding a +0 giant club and a +0 giant spiked club.
The two-headed ogre shouts in stereo!
A two-headed ogre is nearby!
You block the two-headed ogre's attack.
The two-headed ogre hits you with a +0 giant spiked club!
You take 17 damage, and have 40/57 hp.
MASSIVE DAMAGE!!
You barely miss the two-headed ogre. You whack the two-headed ogre!
The two-headed ogre is lightly wounded.
The two-headed ogre barely misses you.
The two-headed ogre hits you with a +0 giant spiked club!
You take 10 damage, and have 31/57 hp.
You are too injured to fight recklessly!
You are too injured to fight recklessly!
You are too injured to fight recklessly!
You are too injured to fight recklessly!
You are too injured to fight recklessly!
You are too injured to fight recklessly!
You hit the two-headed ogre.
The two-headed ogre is poisoned.
The two-headed ogre is lightly wounded.
You whack the two-headed ogre!
The two-headed ogre is moderately wounded.
The two-headed ogre hits you with a +0 giant club!!
* * * LOW HITPOINT WARNING * * *
You block the two-headed ogre's attack.
You take 27 damage, and have 4/57 hp.
MASSIVE DAMAGE!!
Okay, then.
It was a potion of curing.
You feel better.
The two-headed ogre hits you with a +0 giant club!
You die...

#.# #.##.# #)# #.#
#.##.## #)#
#######.#
#.#...####.#####<#
........#
#.#..............#
#########
#.#....###########
####.# #.# #.# #.#
#.# ######.## #@#
........# #O#
######..# #.# #..#
#.# ######..# #.#
#.......# #.#
#.#####.########.#
#..........# #.#
############


You could see a two-headed ogre (poisoned).

Vanquished Creatures
  A cyclops (D:8)
  Sigmund (D:2)
  4 yaks (D:8)
  Duvessa (D:6)
  An ice beast (D:8)
  2 orc warriors
  3 sky beasts
  A necrophage (D:7)
  2 phantoms
  A bullfrog (D:8)
  A scorpion (D:5)
  Dowan (D:6)
  7 wights
  A howler monkey (D:4)
  A bullfrog zombie (D:7)
  3 hounds
  2 orc priests (D:6)
  A bullfrog skeleton (D:6)
  2 centaur skeletons
  6 iguanas
  4 orc wizards
  Robin (D:2)
  2 adders
  4 gnolls (D:4)
  2 white imps (D:6)
  2 ufetubi
  An adder zombie (D:3)
  An adder skeleton (D:4)
  A worm (D:3)
  A dart slug (D:4)
  10 orcs
  5 ball pythons
  6 bats
  7 endoplasms
  2 giant cockroaches
  13 goblins
  9 hobgoblins
  A quokka (D:1)
  8 frilled lizards
  8 kobolds
  2 rats
132 creatures vanquished.

Vanquished Creatures (others)
  A water moccasin skeleton (D:6)
  An orc wizard (D:6)
2 creatures vanquished.

Grand Total: 134 creatures vanquished

Notes
Turn   | Place    | Note
-------+----------+-------------------------------------------
     0 | D:1      | tatocazan the Gargoyle Fighter began the quest for the Orb.
     0 | D:1      | Reached XP level 1. HP: 14/14 MP: 1/1
   253 | D:1      | Reached XP level 2. HP: 11/19 MP: 2/2
  2034 | D:2      | Noticed Robin
  2057 | D:2      | Reached XP level 3. HP: 5/23 MP: 3/3
  2420 | D:2      | Killed Robin
  2557 | D:2      | Noticed Sigmund
  2576 | D:2      | Killed Sigmund
  2577 | D:2      | Reached skill level 3 in Maces & Flails
  2577 | D:2      | Reached XP level 4. HP: 15/29 MP: 4/4
  2577 | D:2      | Reached XP level 5. HP: 18/33 MP: 5/5
  3344 | D:3      | Noticed croobank's ghost (amateur DrTm)
  3356 | D:3      | Found a transporter.
  3476 | D:3      | Reached XP level 6. HP: 38/39 MP: 6/6
  3598 | D:3      | Found a shimmering altar of Xom.
  3606 | D:3      | Found a transporter.
  3831 | D:3      | Reached skill level 4 in Maces & Flails
  4708 | D:4      | Reached XP level 7. HP: 12/44 MP: 7/7
  5343 | D:5      | Entered Level 5 of the Dungeon
  5373 | D:5      | Reached skill level 5 in Fighting
  5373 | D:5      | Reached skill level 5 in Maces & Flails
  5373 | D:5      | Reached skill level 5 in Armour
  5373 | D:5      | Reached skill level 5 in Shields
  5415 | D:5      | Found Wotieqoim's Assorted Antiques.
  5764 | D:5      | Found a blossoming altar of Fedhas.
  5767 | D:5      | Found a shimmering blue altar of Sif Muna.
  5849 | D:5      | Reached XP level 8. HP: 46/50 MP: 8/8
  6258 | D:6      | Found a glowing golden altar of the Shining One.
  6316 | D:6      | Reached skill level 6 in Maces & Flails
  6620 | D:6      | Found an ornate altar of the Wu Jian Council.
  7195 | D:6      | Noticed Duvessa
  7198 | D:6      | Noticed Dowan
  7206 | D:6      | Killed Duvessa
  7211 | D:6      | Killed Dowan
  7524 | D:6      | Found a sacrificial altar of Ru.
  7650 | D:6      | Reached skill level 7 in Maces & Flails
  8266 | D:7      | Reached XP level 9. HP: 55/56 MP: 9/9
  8268 | D:7      | Found a staircase to the Ecumenical Temple.
  8293 | Temple   | Entered the Ecumenical Temple
  8636 | D:7      | Found an opulent altar of Gozag.
  9492 | D:8      | Noticed a cyclops
  9515 | D:8      | Killed a cyclops
  9516 | D:8      | Reached skill level 8 in Maces & Flails
  9550 | D:8      | Identified a scroll of acquirement
  9550 | D:8      | Acquired the ring of Wassos {rC+ Str+6}
 10165 | D:8      | Noticed a two-headed ogre
 10189 | D:8      | Slain by a two-headed ogre

Illustrated notes

Levels and vault maps discovered:
D:1:      dpeg_arrival_three_same_balls, layout_loops_corners, serial_forest,
          infiniplex_forest_lined_room_, infiniplex_forest_end_3,
          infiniplex_forest_clump_double, infiniplex_forest_straight_4,
          infiniplex_forest_corner_1, infiniplex_forest_end_1,
          infiniplex_forest_clump_small, infiniplex_forest_clump_small,
          hangedman_abyss_or_decor_stabs, kennysheep_doodads,
          minmay_door_square, minmay_misc_feat_pillars,
          minmay_misc_feat_enclosed, minmay_tree_intersection
D:2:      layout_basic, uniq_sigmund, uniq_robin
D:3:      layout_loops_ring, overflow_temple_1_default,
          nicolae_overflow_hidden_temple, gammafunk_ghost_arena,
          minmay_misc_feat_rows, minmay_ruptured
D:4:      layout_basic
D:5:      layout_loops_ring, chequers_temple_overflow_statue_of_worship,
          serial_shops, shop_statue, moated_statue,
          nicolae_concentric_dashed_squares_wild,
          hangedman_abyss_or_decor_lesser_grid
D:6:      layout_basic, mainiacjoe_overflow_alcove_4,
          nicolae_ru_the_path_less_chosen, lemuel_tele_altar,
          lemuel_old_faithful, uniq_duvessa
D:7:      layout_loops_cross, general_overflow_altar, minmay_temple_entry_grid
D:8:      layout_loops_ring
Temple:   minmay_temple_curvy_loop

Skill      XL: |  1  2  3  4  5  6  7  8  9 |
---------------+----------------------------+-----
Fighting       | 4 5 6 7 |  7.5
Maces & Flails | 3 4 5 7 8 |  8.8
Armour         | 4 5 6 7 |  7.4
Shields        | 4 5 6 7 |  7.5

Action                   |  1- 3 |  4- 6 |  7- 9 || total
-------------------------+-------+-------+-------++-------
Melee: Flail             |   123 |    14 |       ||   137
       Whip              |       |   146 |   425 ||   571
  Use: Scroll            |     1 |       |    11 ||    12
       Potion            |     1 |       |     2 ||     3
 Stab: Invisible         |       |       |     2 ||     2
Armor: Scale mail        |    66 |    49 |    53 ||   168
       Plate armour      |       |       |    75 ||    75
Dodge: Dodged            |    59 |    43 |    53 ||   155
Block: Buckler           |    18 |       |       ||    18
       Kite shield       |    30 |   118 |   254 ||   402
       Reflection        |       |     2 |     5 ||     7

Table legend: (Time is in decaauts)
 A = Elapsed time spent in this place.
 B = Non-inter-level travel time spent in this place.
 C = Inter-level travel time spent in this place.
 D = Time resting spent in this place.
 E = Time spent auto-exploring this place.
 F = Levels seen in this place.
 G = Mean time per level.
                   A        B        C        D        E       F      G
               +--------+--------+--------+--------+--------+-----+--------+
         Total |  10216 |   9959 |    257 |   2354 |   6180 |   9 | 1135.1 |
       Dungeon |  10004 |   9768 |    236 |   2354 |   5994 |   8 | 1250.5 |
        Temple |    211 |    190 |     21 |      0 |    186 |   1 |  211.0 |
               +--------+--------+--------+--------+--------+-----+--------+

Top non-repeatable levels by time:
     D:1: 2140 daAuts
     D:6: 2027 daAuts
     D:2: 1254 daAuts
     D:4: 1184 daAuts
     D:7: 1032 daAuts
     D:3: 826 daAuts
     D:5: 784 daAuts
     D:8: 755 daAuts
  Temple: 211 daAuts
